[ PARTIDA AOE2 · #487461511 ]
UnrankedGurjaras vs Koreans
[ ANÁLISIS DE REPETICIÓN · EXTRAÍDO DE LA PARTIDA GRABADA ]
Feudal
13:34
Castillos
17:34
Imperial
38:53
| APM promedio | 15.9 |
| APM pico | 69 |
| eAPM promedio | 11.5 |
| Aldeanos / militares | 109 / 305 |
Foco
⚔️ 34.7% · 🌾 65.3%
Chakram Thrower ×274 · Bombard Cannon ×31 · Trade Cart ×27
Feudal
13:48
Castillos
20:32
Imperial
32:00
| APM promedio | 11.6 |
| APM pico | 24 |
| eAPM promedio | 10.0 |
| Aldeanos / militares | 125 / 321 |
Foco
⚔️ 29.3% · 🌾 70.7%
Spearman ×224 · Skirmisher ×74 · Fire Lancer ×15 · Trebuchet (Packed) ×8
Feudal
12:40
Castillos
21:05
Imperial
35:08
| APM promedio | 12.6 |
| APM pico | 35 |
| eAPM promedio | 9.8 |
| Aldeanos / militares | 116 / 238 |
Foco
⚔️ 26.1% · 🌾 73.9%
Archer ×115 · Knight ×72 · War Elephant ×32 · Monk ×13 · Trade Cart ×10 · Bombard Cannon ×5
Feudal
13:14
Castillos
17:30
Imperial
36:04
| APM promedio | 14.2 |
| APM pico | 39 |
| eAPM promedio | 11.2 |
| Aldeanos / militares | 98 / 432 |
Foco
⚔️ 31.3% · 🌾 68.7%
Magyar Huszar ×248 · Cavalry Archer ×178 · Trade Cart ×36 · Scout Cavalry ×3 · Trebuchet (Packed) ×3
Feudal
14:50
Castillos
18:51
Imperial
31:43
| APM promedio | 21.9 |
| APM pico | 76 |
| eAPM promedio | 18.5 |
| Aldeanos / militares | 120 / 309 |
Foco
⚔️ 45.6% · 🌾 54.4%
Scout Cavalry ×222 · Mangudai ×55 · Mangonel ×15 · Battering Ram ×13 · Trade Cart ×9 · Monk ×2
Feudal
10:28
Castillos
20:33
Imperial
35:05
| APM promedio | 24.1 |
| APM pico | 66 |
| eAPM promedio | 14.7 |
| Aldeanos / militares | 96 / 182 |
Foco
⚔️ 38.2% · 🌾 61.8%
Ballista Elephant ×170 · Trade Cart ×13 · Trebuchet (Packed) ×10 · Fishing Ship ×9 · Monk ×1 · Demolition Raft ×1
Feudal
13:59
Castillos
18:27
Imperial
31:48
| APM promedio | 23.7 |
| APM pico | 79 |
| eAPM promedio | 14.3 |
| Aldeanos / militares | 168 / 532 |
Foco
⚔️ 26.4% · 🌾 73.6%
Huskarl ×287 · Spearman ×205 · Mangonel ×37 · Trade Cart ×21 · Trebuchet (Packed) ×2 · Monk ×1
Feudal
12:17
Castillos
19:12
Imperial
33:40
| APM promedio | 17.1 |
| APM pico | 41 |
| eAPM promedio | 13.1 |
| Aldeanos / militares | 155 / 239 |
Foco
⚔️ 27.1% · 🌾 72.9%
Hand Cannoneer ×82 · Hussite Wagon ×53 · Scorpion ×49 · Bombard Cannon ×49 · Fishing Ship ×20 · Trade Cart ×18
Mapa de la partida
Recursos iniciales + cada clic de construcción. Líneas = muros · curvas = relieve. ◆ oro · ⬟ piedra · ● bayas · ✦ reliquia · ◌ hueco del cierre
Tu base· Abierta — el rival se encerró
Base de Disgraceful· ✓ Cerrada en 20:32 · 106t muro · 1 puerta(s)
Base de crabjuice· ✓ Cerrada en 21:05 · 35t muro · sin puerta
Base de felipegarcia92· Abierta — el rival se encerró
Base de EXILS_Andrenus Naga· ✓ Cerrada en 18:51 · 20t muro · sin puerta
Base de vitavidal91· Abierta — el rival se encerró
Base de 金名木主· ✓ Cerrada en 18:27 · 0t muro · sin puerta
Base de GuilleLeopold17· Abierta — el rival se encerró
Terreno inicial suavizado · ◌ = hueco del cierre detectado · pasá el cursor para detalles
Inputs por minuto
— tatomagallanes - - Disgraceful
Build order — tatomagallanes
Primeras 150 de 416 acciones detectadas
| 0:02 | Encolar | Villager (Male) |
| 0:02 | Encolar | Villager (Male) |
| 0:02 | Encolar | Villager (Male) |
| 0:03 | Encolar | Villager (Male) |
| 0:03 | Encolar | Villager (Male) |
| 0:06 | Construir | House |
| 0:12 | Construir | House |
| 1:40 | Encolar | Villager (Male) |
| 2:51 | Encolar | Villager (Male) |
| 2:51 | Encolar | Villager (Male) |
| 2:52 | Investigar | Loom |
| 3:48 | Encolar | Villager (Male) |
| 4:08 | Encolar | Villager (Male) |
| 4:28 | Encolar | Villager (Male) |
| 4:46 | Construir | Palisade Wall |
| 5:10 | Encolar | Villager (Male) |
| 5:10 | Encolar | Villager (Male) |
| 5:34 | Construir | House |
| 5:46 | Construir | Lumber Camp |
| 6:02 | Construir | Mill |
| 6:04 | Encolar | Villager (Male) |
| 6:04 | Encolar | Villager (Male) |
| 6:41 | Encolar | Villager (Male) |
| 7:14 | Encolar | Villager (Male) |
| 7:14 | Encolar | Villager (Male) |
| 7:51 | Encolar | Villager (Male) |
| 7:51 | Encolar | Villager (Male) |
| 7:57 | Construir | House |
| 8:08 | Encolar | Villager (Male) |
| 8:20 | Encolar | Villager (Male) |
| 8:26 | Construir | House |
| 8:36 | Encolar | Villager (Male) |
| 9:00 | Construir | Farm |
| 9:01 | Construir | Farm |
| 9:26 | Construir | Farm |
| 9:29 | Encolar | Villager (Male) |
| 9:42 | Encolar | Villager (Male) |
| 9:49 | Construir | Farm |
| 10:14 | Construir | Mill |
| 10:31 | Encolar | Villager (Male) |
| 10:43 | Construir | Mining Camp |
| 10:50 | Investigar | Feudal Age |
| 12:46 | Encolar | Villager (Male) |
| 12:46 | Encolar | Villager (Male) |
| 12:46 | Encolar | Villager (Male) |
| 13:34 | Edad | Edad Feudal |
| 13:48 | Construir | Market |
| 13:55 | Construir | Blacksmith |
| 14:17 | Investigar | Double-Bit Axe |
| 14:54 | Investigar | Castle Age |
| 15:03 | Encolar | Trade Cart |
| 15:26 | Construir | House |
| 15:29 | Construir | House |
| 15:31 | Construir | House |
| 16:38 | Construir | Stone Wall |
| 16:55 | Encolar | Trade Cart |
| 17:32 | Construir | Mining Camp |
| 17:34 | Edad | Edad de los Castillos |
| 17:40 | Investigar | Stone Mining |
| 17:53 | Construir | Town Center |
| 18:11 | Construir | Stone Wall |
| 18:23 | Construir | Stone Wall |
| 18:31 | Construir | House |
| 18:32 | Construir | House |
| 18:33 | Construir | House |
| 18:35 | Construir | House |
| 18:37 | Construir | House |
| 18:37 | Construir | House |
| 18:38 | Construir | House |
| 18:46 | Encolar | Villager (Male) |
| 18:47 | Encolar | Villager (Male) |
| 18:50 | Encolar | Villager (Male) |
| 18:51 | Encolar | Villager (Male) |
| 19:15 | Encolar | Villager (Male) |
| 19:25 | Encolar | Villager (Male) |
| 19:28 | Encolar | Villager (Male) |
| 19:33 | Construir | Farm |
| 19:38 | Construir | Farm |
| 19:41 | Encolar | Villager (Male) |
| 19:48 | Construir | Farm |
| 20:04 | Encolar | Villager (Male) |
| 20:09 | Encolar | Villager (Male) |
| 20:09 | Encolar | Villager (Male) |
| 20:20 | Construir | Stone Wall |
| 20:26 | Encolar | Villager (Male) |
| 20:31 | Construir | Farm |
| 20:36 | Construir | Farm |
| 20:40 | Encolar | Villager (Male) |
| 20:46 | Investigar | Bow Saw |
| 21:17 | Construir | Farm |
| 21:19 | Encolar | Villager (Male) |
| 21:23 | Encolar | Villager (Male) |
| 21:33 | Investigar | Stone Shaft Mining |
| 21:40 | Construir | Farm |
| 21:50 | Construir | Farm |
| 21:53 | Encolar | Villager (Male) |
| 21:55 | Encolar | Villager (Male) |
| 22:10 | Construir | Stone Wall |
| 22:17 | Encolar | Villager (Male) |
| 22:20 | Encolar | Villager (Male) |
| 22:32 | Construir | Town Center |
| 22:37 | Encolar | Trade Cart |
| 22:45 | Construir | Farm |
| 22:46 | Construir | Farm |
| 22:47 | Construir | Farm |
| 22:53 | Encolar | Villager (Male) |
| 22:55 | Encolar | Villager (Male) |
| 22:56 | Encolar | Villager (Male) |
| 23:01 | Investigar | Horse Collar |
| 23:09 | Construir | Farm |
| 23:14 | Construir | Farm |
| 23:17 | Encolar | Villager (Male) |
| 23:36 | Construir | Castle |
| 23:40 | Encolar | Villager (Male) |
| 23:43 | Encolar | Villager (Male) |
| 23:52 | Construir | Farm |
| 23:54 | Encolar | Villager (Male) |
| 23:59 | Construir | Farm |
| 24:02 | Encolar | Villager (Male) |
| 24:09 | Encolar | Villager (Male) |
| 24:09 | Encolar | Villager (Male) |
| 24:15 | Construir | Farm |
| 24:23 | Construir | Farm |
| 24:27 | Construir | Farm |
| 24:31 | Encolar | Trade Cart |
| 24:36 | Construir | Farm |
| 24:39 | Encolar | Villager (Male) |
| 24:42 | Encolar | Villager (Male) |
| 24:43 | Encolar | Villager (Male) |
| 24:43 | Encolar | Villager (Male) |
| 24:54 | Construir | Farm |
| 25:01 | Encolar | Villager (Male) |
| 25:08 | Construir | Farm |
| 25:10 | Encolar | Villager (Male) |
| 25:22 | Construir | Farm |
| 25:26 | Construir | Farm |
| 25:29 | Construir | Farm |
| 25:45 | Investigar | Caravan |
| 25:46 | Encolar | Trade Cart |
| 25:55 | Construir | Farm |
| 25:56 | Construir | Farm |
| 26:00 | Investigar | Wheelbarrow |
| 26:02 | Encolar | Villager (Male) |
| 26:18 | Construir | Farm |
| 26:19 | Construir | Farm |
| 26:24 | Investigar | Heavy Plow |
| 26:30 | Encolar | Trade Cart |
| 26:32 | Encolar | Villager (Male) |
| 26:44 | Construir | Farm |
| 26:47 | Encolar | Villager (Male) |
Build order — Disgraceful
Primeras 150 de 349 acciones detectadas
| 0:07 | Construir | House |
| 0:10 | Encolar | Villager (Male) ×4 |
| 0:14 | Investigar | Loom |
| 0:14 | Encolar | Villager (Male) ×4 |
| 1:37 | Construir | Palisade Wall |
| 2:16 | Encolar | Villager (Male) |
| 2:27 | Construir | House |
| 3:02 | Construir | Palisade Wall |
| 3:08 | Encolar | Villager (Male) |
| 3:30 | Construir | Palisade Wall |
| 3:48 | Encolar | Villager (Male) |
| 3:48 | Encolar | Villager (Male) |
| 4:29 | Encolar | Villager (Male) |
| 4:29 | Encolar | Villager (Male) |
| 4:30 | Encolar | Villager (Male) |
| 4:59 | Construir | Palisade Wall |
| 5:19 | Encolar | Villager (Male) |
| 5:20 | Encolar | Villager (Male) |
| 5:24 | Construir | House |
| 6:01 | Construir | Palisade Wall |
| 6:20 | Encolar | Villager (Male) |
| 6:21 | Encolar | Villager (Male) |
| 6:21 | Encolar | Villager (Male) |
| 7:13 | Encolar | Villager (Male) |
| 7:30 | Construir | Mining Camp |
| 8:10 | Construir | House |
| 8:12 | Construir | House |
| 8:17 | Encolar | Villager (Male) |
| 8:49 | Encolar | Villager (Male) |
| 9:10 | Encolar | Villager (Male) |
| 9:10 | Encolar | Villager (Male) |
| 9:11 | Encolar | Villager (Male) |
| 9:32 | Construir | Mill |
| 10:01 | Construir | Lumber Camp |
| 11:02 | Encolar | Villager (Male) |
| 11:38 | Investigar | Feudal Age |
| 12:50 | Construir | House |
| 12:52 | Construir | House |
| 13:12 | Encolar | Villager (Male) |
| 13:13 | Encolar | Villager (Male) |
| 13:14 | Encolar | Villager (Male) |
| 13:48 | Edad | Edad Feudal |
| 14:00 | Construir | Stone Wall |
| 14:42 | Construir | Mining Camp |
| 15:16 | Construir | Blacksmith |
| 15:25 | Construir | Market |
| 15:45 | Encolar | Villager (Male) |
| 15:49 | Encolar | Villager (Male) |
| 16:04 | Construir | Stone Wall |
| 16:47 | Construir | Stone Wall |
| 16:57 | Encolar | Villager (Male) |
| 17:05 | Investigar | Double-Bit Axe |
| 17:14 | Encolar | Villager (Male) |
| 17:27 | Construir | Stone Wall |
| 17:52 | Investigar | Castle Age |
| 18:04 | Construir | Mining Camp |
| 19:09 | Construir | Stone Wall |
| 19:26 | Encolar | Villager (Male) |
| 19:27 | Encolar | Villager (Male) |
| 19:29 | Encolar | Villager (Male) |
| 19:30 | Encolar | Villager (Male) |
| 19:31 | Encolar | Villager (Male) |
| 19:33 | Encolar | Villager (Male) |
| 19:34 | Encolar | Villager (Male) |
| 19:35 | Encolar | Villager (Male) |
| 20:05 | Construir | Gate |
| 20:32 | Edad | Edad de los Castillos |
| 20:56 | Construir | Town Center |
| 21:10 | Construir | Town Center |
| 21:16 | Encolar | Villager (Male) |
| 21:30 | Construir | Farm |
| 21:50 | Construir | Farm |
| 22:14 | Construir | Farm |
| 22:26 | Encolar | Villager (Male) |
| 22:27 | Encolar | Villager (Male) |
| 22:28 | Encolar | Villager (Male) |
| 22:40 | Construir | Farm |
| 23:01 | Construir | Farm |
| 23:07 | Construir | Farm |
| 23:16 | Encolar | Villager (Male) |
| 23:19 | Construir | Farm |
| 23:24 | Encolar | Villager (Male) |
| 23:30 | Construir | House |
| 23:32 | Construir | House |
| 23:37 | Construir | Farm |
| 23:38 | Construir | Farm |
| 23:40 | Construir | Farm |
| 23:44 | Construir | Farm |
| 23:47 | Construir | Farm |
| 23:48 | Encolar | Villager (Male) |
| 24:15 | Construir | Castle |
| 24:35 | Construir | Mining Camp |
| 24:40 | Construir | Farm |
| 24:41 | Construir | Farm |
| 24:47 | Construir | Farm |
| 24:48 | Construir | Farm |
| 24:51 | Encolar | Villager (Male) |
| 24:56 | Encolar | Villager (Male) |
| 24:58 | Encolar | Villager (Male) |
| 25:05 | Construir | Farm |
| 25:08 | Encolar | Villager (Male) |
| 25:11 | Encolar | Villager (Male) |
| 25:30 | Construir | Farm |
| 25:35 | Encolar | Villager (Male) |
| 25:40 | Construir | Farm |
| 25:50 | Construir | Lumber Camp |
| 25:52 | Construir | House |
| 25:54 | Construir | House |
| 26:02 | Construir | Farm |
| 26:04 | Encolar | Villager (Male) |
| 26:09 | Construir | Farm |
| 26:15 | Encolar | Villager (Male) |
| 26:17 | Encolar | Villager (Male) |
| 26:20 | Construir | Farm |
| 26:39 | Encolar | Villager (Male) |
| 26:54 | Construir | Mill |
| 26:57 | Encolar | Villager (Male) |
| 27:00 | Encolar | Villager (Male) |
| 27:02 | Encolar | Villager (Male) |
| 27:09 | Encolar | Villager (Male) |
| 27:14 | Construir | Farm |
| 27:17 | Construir | Farm |
| 27:22 | Encolar | Villager (Male) |
| 27:34 | Construir | Castle |
| 27:43 | Construir | Farm |
| 27:45 | Construir | Farm |
| 28:18 | Construir | Farm |
| 28:30 | Construir | Farm |
| 28:50 | Investigar | Imperial Age |
| 28:59 | Encolar | Villager (Male) |
| 29:10 | Encolar | Villager (Male) |
| 29:12 | Encolar | Villager (Male) |
| 29:40 | Construir | Barracks |
| 29:50 | Construir | Barracks |
| 30:12 | Construir | House |
| 30:21 | Encolar | Villager (Male) |
| 30:27 | Encolar | Villager (Male) |
| 30:33 | Encolar | Villager (Male) |
| 30:34 | Encolar | Villager (Male) |
| 30:36 | Encolar | Villager (Male) |
| 30:45 | Encolar | Villager (Male) |
| 30:51 | Construir | Farm |
| 30:57 | Construir | Farm |
| 31:15 | Investigar | Pikeman (upgrade) |
| 31:16 | Investigar | Squires |
| 31:27 | Construir | Barracks |
| 31:29 | Construir | Barracks |
| 31:31 | Construir | Barracks |
| 31:39 | Construir | Farm |
| 31:46 | Construir | Farm |
Build order — crabjuice
Primeras 150 de 347 acciones detectadas
| 0:01 | Encolar | Villager (Male) |
| 0:02 | Encolar | Villager (Male) |
| 0:02 | Encolar | Villager (Male) |
| 0:02 | Encolar | Villager (Male) |
| 0:05 | Construir | House |
| 0:07 | Construir | House |
| 0:13 | Investigar | Loom |
| 0:16 | Encolar | Villager (Male) |
| 0:17 | Encolar | Villager (Male) |
| 0:17 | Encolar | Villager (Male) |
| 2:40 | Construir | Palisade Wall |
| 2:54 | Encolar | Villager (Male) |
| 2:55 | Encolar | Villager (Male) |
| 2:55 | Encolar | Villager (Male) |
| 3:21 | Construir | Palisade Wall |
| 3:27 | Construir | Lumber Camp |
| 3:36 | Encolar | Villager (Male) |
| 3:36 | Encolar | Villager (Male) |
| 4:07 | Encolar | Villager (Male) |
| 4:07 | Encolar | Villager (Male) |
| 4:42 | Construir | House |
| 4:50 | Encolar | Villager (Male) |
| 4:50 | Encolar | Villager (Male) |
| 5:05 | Encolar | Villager (Male) |
| 5:05 | Encolar | Villager (Male) |
| 6:12 | Encolar | Villager (Male) |
| 6:25 | Encolar | Villager (Male) |
| 6:26 | Encolar | Villager (Male) |
| 6:34 | Encolar | Villager (Male) |
| 6:43 | Construir | House |
| 6:55 | Construir | Mill |
| 7:12 | Encolar | Villager (Male) |
| 7:12 | Encolar | Villager (Male) |
| 7:39 | Encolar | Villager (Male) |
| 8:30 | Encolar | Villager (Male) |
| 9:17 | Encolar | Villager (Male) |
| 9:18 | Encolar | Villager (Male) |
| 9:31 | Construir | House |
| 9:35 | Construir | House |
| 10:06 | Encolar | Villager (Male) |
| 10:16 | Construir | Dock |
| 10:36 | Investigar | Feudal Age |
| 10:44 | Construir | Mining Camp |
| 10:56 | Construir | Mining Camp |
| 11:07 | Construir | Lumber Camp |
| 11:33 | Encolar | Fishing Ship |
| 11:33 | Encolar | Fishing Ship |
| 12:00 | Encolar | Villager (Male) |
| 12:00 | Encolar | Villager (Male) |
| 12:40 | Edad | Edad Feudal |
| 12:54 | Encolar | Villager (Male) |
| 12:58 | Investigar | Horse Collar |
| 13:00 | Investigar | Double-Bit Axe |
| 13:53 | Construir | Barracks |
| 14:02 | Construir | Watch Tower |
| 14:13 | Construir | Stone Wall |
| 14:24 | Investigar | Wheelbarrow |
| 14:25 | Encolar | Villager (Male) |
| 14:25 | Encolar | Villager (Male) |
| 15:06 | Construir | Mining Camp |
| 15:24 | Construir | Farm |
| 15:29 | Construir | Farm |
| 15:38 | Construir | Stable |
| 15:56 | Construir | Farm |
| 15:56 | Construir | Farm |
| 16:03 | Construir | Farm |
| 16:21 | Construir | Farm |
| 16:27 | Encolar | Villager (Male) |
| 16:38 | Construir | House |
| 16:39 | Construir | House |
| 16:47 | Encolar | Demolition Raft |
| 16:54 | Construir | Farm |
| 17:00 | Encolar | Villager (Male) |
| 17:41 | Construir | Farm |
| 17:54 | Construir | Blacksmith |
| 18:06 | Encolar | Villager (Male) |
| 18:14 | Investigar | Stone Mining |
| 18:40 | Investigar | Castle Age |
| 19:10 | Construir | Stone Wall |
| 19:22 | Encolar | Villager (Male) |
| 19:22 | Encolar | Villager (Male) |
| 19:22 | Encolar | Villager (Male) |
| 19:31 | Construir | Farm |
| 19:34 | Construir | Farm |
| 19:39 | Construir | Farm |
| 19:39 | Construir | Farm |
| 19:41 | Construir | Farm |
| 19:59 | Encolar | Fishing Ship |
| 20:09 | Investigar | Gold Mining |
| 21:05 | Edad | Edad de los Castillos |
| 21:36 | Construir | Town Center |
| 22:01 | Construir | Town Center |
| 22:09 | Investigar | Bow Saw |
| 22:12 | Investigar | Heavy Plow |
| 22:19 | Investigar | Hand Cart |
| 22:22 | Encolar | Villager (Male) |
| 22:22 | Encolar | Villager (Male) |
| 22:22 | Encolar | Villager (Male) |
| 22:22 | Encolar | Villager (Male) |
| 23:12 | Investigar | Scale Barding Armor |
| 23:13 | Investigar | Forging |
| 23:57 | Construir | Market |
| 24:10 | Encolar | Villager (Male) |
| 24:11 | Encolar | Villager (Male) |
| 24:11 | Encolar | Villager (Male) |
| 24:11 | Encolar | Villager (Male) |
| 24:11 | Encolar | Villager (Male) |
| 24:11 | Encolar | Villager (Male) |
| 24:12 | Encolar | Villager (Male) |
| 24:12 | Encolar | Villager (Male) |
| 24:26 | Construir | Farm |
| 24:26 | Construir | Farm |
| 24:26 | Construir | Farm |
| 24:28 | Construir | Farm |
| 24:42 | Encolar | Villager (Male) |
| 24:42 | Encolar | Villager (Male) |
| 24:42 | Encolar | Villager (Male) |
| 24:42 | Encolar | Villager (Male) |
| 24:43 | Encolar | Villager (Male) |
| 24:49 | Construir | Lumber Camp |
| 25:03 | Investigar | Town Watch |
| 26:17 | Construir | House |
| 26:17 | Construir | House |
| 26:19 | Construir | House |
| 26:20 | Construir | House |
| 26:21 | Construir | House |
| 26:22 | Construir | House |
| 26:36 | Investigar | Town Patrol |
| 26:38 | Encolar | Villager (Male) |
| 26:38 | Encolar | Villager (Male) |
| 26:39 | Encolar | Villager (Male) |
| 26:39 | Encolar | Villager (Male) |
| 26:39 | Encolar | Villager (Male) |
| 26:39 | Encolar | Villager (Male) |
| 26:40 | Encolar | Villager (Male) |
| 26:40 | Encolar | Villager (Male) |
| 26:40 | Encolar | Villager (Male) |
| 27:28 | Construir | Castle |
| 27:38 | Construir | Siege Workshop |
| 27:47 | Encolar | Villager (Male) |
| 27:47 | Encolar | Villager (Male) |
| 27:48 | Encolar | Villager (Male) |
| 27:48 | Encolar | Villager (Male) |
| 27:48 | Encolar | Villager (Male) |
| 27:48 | Encolar | Villager (Male) |
| 28:02 | Construir | University |
| 28:29 | Construir | Farm |
| 28:29 | Construir | Farm |
| 28:29 | Construir | Farm |
| 28:30 | Construir | Farm |
Build order — felipegarcia92
Primeras 150 de 394 acciones detectadas
| 0:01 | Encolar | Villager (Male) |
| 0:02 | Encolar | Villager (Male) |
| 0:02 | Encolar | Villager (Male) |
| 0:02 | Encolar | Villager (Male) |
| 0:03 | Encolar | Villager (Male) |
| 0:04 | Construir | House |
| 0:13 | Construir | House |
| 1:21 | Investigar | Loom |
| 1:47 | Encolar | Villager (Male) |
| 2:16 | Encolar | Villager (Male) |
| 2:40 | Encolar | Villager (Male) |
| 3:11 | Encolar | Villager (Male) |
| 3:39 | Encolar | Villager (Male) |
| 3:50 | Construir | House |
| 3:56 | Construir | Mill |
| 4:02 | Encolar | Villager (Male) |
| 4:42 | Construir | Palisade Wall |
| 5:10 | Encolar | Villager (Male) |
| 5:10 | Encolar | Villager (Male) |
| 5:27 | Encolar | Villager (Male) |
| 5:45 | Construir | Palisade Gate |
| 6:00 | Construir | Palisade Wall |
| 6:13 | Construir | Palisade Gate |
| 6:22 | Encolar | Villager (Male) |
| 6:22 | Encolar | Villager (Male) |
| 6:22 | Encolar | Villager (Male) |
| 7:24 | Encolar | Villager (Male) |
| 7:25 | Encolar | Villager (Male) |
| 7:25 | Encolar | Villager (Male) |
| 7:25 | Encolar | Villager (Male) |
| 7:39 | Construir | Lumber Camp |
| 8:18 | Encolar | Villager (Male) |
| 8:24 | Construir | House |
| 9:18 | Construir | Mill |
| 9:40 | Encolar | Villager (Male) |
| 9:41 | Encolar | Villager (Male) |
| 10:10 | Construir | Mining Camp |
| 10:23 | Encolar | Villager (Male) |
| 10:36 | Construir | Mining Camp |
| 10:43 | Investigar | Feudal Age |
| 11:21 | Construir | House |
| 11:24 | Construir | House |
| 12:07 | Construir | Barracks |
| 12:55 | Encolar | Villager (Male) |
| 12:56 | Encolar | Villager (Male) |
| 13:14 | Edad | Edad Feudal |
| 13:23 | Construir | Stable |
| 13:50 | Construir | Blacksmith |
| 14:02 | Encolar | Villager (Male) |
| 14:03 | Encolar | Villager (Male) |
| 14:50 | Investigar | Castle Age |
| 15:04 | Construir | Lumber Camp |
| 15:38 | Construir | Archery Range |
| 15:40 | Construir | House |
| 15:44 | Encolar | Scout Cavalry |
| 15:44 | Encolar | Scout Cavalry |
| 16:00 | Encolar | Villager (Male) |
| 16:00 | Encolar | Villager (Male) |
| 16:20 | Construir | Farm |
| 16:20 | Construir | Farm |
| 16:21 | Construir | Farm |
| 16:22 | Construir | Farm |
| 16:28 | Construir | Farm |
| 16:44 | Construir | Farm |
| 17:01 | Investigar | Double-Bit Axe |
| 17:09 | Construir | Farm |
| 17:30 | Edad | Edad de los Castillos |
| 17:31 | Construir | Farm |
| 17:34 | Encolar | Villager (Male) |
| 17:51 | Construir | House |
| 17:56 | Encolar | Cavalry Archer |
| 17:56 | Encolar | Cavalry Archer |
| 18:28 | Construir | Market |
| 18:32 | Encolar | Villager (Male) |
| 18:42 | Encolar | Villager (Male) |
| 18:53 | Encolar | Scout Cavalry |
| 19:09 | Construir | Town Center |
| 19:21 | Encolar | Villager (Male) |
| 19:21 | Encolar | Villager (Male) |
| 19:40 | Encolar | Villager (Male) |
| 20:10 | Investigar | Horse Collar |
| 20:30 | Construir | Town Center |
| 20:35 | Encolar | Villager (Male) |
| 20:41 | Construir | Farm |
| 20:41 | Construir | Farm |
| 20:41 | Construir | Farm |
| 21:36 | Encolar | Villager (Male) |
| 21:36 | Encolar | Villager (Male) |
| 21:47 | Encolar | Villager (Male) |
| 21:58 | Construir | Farm |
| 21:58 | Construir | Farm |
| 21:58 | Construir | Farm |
| 22:05 | Construir | Farm |
| 22:19 | Construir | Stable |
| 22:27 | Encolar | Villager (Male) |
| 22:31 | Construir | Farm |
| 22:35 | Encolar | Villager (Male) |
| 22:47 | Encolar | Villager (Male) |
| 22:57 | Encolar | Villager (Male) |
| 23:14 | Construir | Archery Range |
| 23:16 | Encolar | Villager (Male) |
| 23:18 | Construir | Farm |
| 23:23 | Encolar | Villager (Male) |
| 23:25 | Encolar | Villager (Male) |
| 23:25 | Encolar | Villager (Male) |
| 23:45 | Construir | House |
| 23:47 | Construir | House |
| 23:48 | Construir | House |
| 23:52 | Construir | Farm |
| 23:57 | Construir | Farm |
| 24:15 | Construir | University |
| 24:17 | Investigar | Caravan |
| 24:39 | Encolar | Trade Cart |
| 24:39 | Encolar | Trade Cart |
| 24:39 | Encolar | Trade Cart |
| 24:40 | Encolar | Trade Cart |
| 24:40 | Encolar | Trade Cart |
| 24:48 | Encolar | Villager (Male) |
| 24:50 | Encolar | Villager (Male) |
| 24:51 | Encolar | Villager (Male) |
| 24:52 | Encolar | Villager (Male) |
| 24:53 | Encolar | Villager (Male) |
| 24:53 | Encolar | Villager (Male) |
| 25:17 | Construir | House |
| 25:19 | Construir | House |
| 25:20 | Construir | House |
| 25:32 | Encolar | Cavalry Archer |
| 25:33 | Encolar | Cavalry Archer |
| 25:34 | Encolar | Villager (Male) |
| 25:35 | Encolar | Villager (Male) |
| 25:36 | Encolar | Villager (Male) |
| 25:37 | Encolar | Villager (Male) |
| 25:51 | Construir | Farm |
| 25:51 | Construir | Farm |
| 25:51 | Construir | Farm |
| 25:58 | Encolar | Villager (Male) |
| 26:11 | Construir | Lumber Camp |
| 26:14 | Investigar | Bow Saw |
| 26:23 | Construir | Farm |
| 26:26 | Encolar | Villager (Male) |
| 26:31 | Encolar | Villager (Male) |
| 26:42 | Encolar | Villager (Male) |
| 27:10 | Construir | Castle |
| 27:12 | Construir | Farm |
| 27:15 | Encolar | Villager (Male) |
| 27:25 | Encolar | Villager (Male) |
| 27:27 | Encolar | Villager (Male) |
| 27:27 | Encolar | Villager (Male) |
| 27:30 | Encolar | Villager (Male) |
| 27:33 | Construir | Farm |
Build order — EXILS_Andrenus Naga
Primeras 150 de 660 acciones detectadas
| 0:10 | Construir | House |
| 0:12 | Construir | House |
| 0:17 | Investigar | Loom |
| 0:18 | Encolar | Villager (Male) |
| 0:18 | Encolar | Villager (Male) |
| 0:18 | Encolar | Villager (Male) |
| 0:51 | Construir | Palisade Wall |
| 1:04 | Encolar | Villager (Male) |
| 2:51 | Encolar | Villager (Male) |
| 3:46 | Construir | Palisade Wall |
| 4:04 | Encolar | Villager (Male) |
| 4:05 | Encolar | Villager (Male) |
| 5:16 | Construir | Lumber Camp |
| 6:00 | Encolar | Villager (Male) |
| 6:00 | Encolar | Villager (Male) |
| 6:00 | Encolar | Villager (Male) |
| 6:26 | Encolar | Villager (Male) |
| 6:27 | Encolar | Villager (Male) |
| 6:47 | Encolar | Villager (Male) |
| 6:54 | Construir | House |
| 6:56 | Construir | House |
| 7:07 | Encolar | Villager (Male) |
| 7:08 | Encolar | Villager (Male) |
| 7:26 | Encolar | Villager (Male) |
| 8:00 | Encolar | Villager (Male) |
| 8:00 | Encolar | Villager (Male) |
| 8:22 | Construir | Mill |
| 8:30 | Encolar | Villager (Male) |
| 8:49 | Encolar | Villager (Male) |
| 9:06 | Encolar | Villager (Male) |
| 9:07 | Encolar | Villager (Male) |
| 9:10 | Encolar | Villager (Male) |
| 10:26 | Construir | House |
| 11:28 | Construir | Mining Camp |
| 11:30 | Investigar | Feudal Age |
| 11:50 | Construir | Mining Camp |
| 13:08 | Construir | House |
| 13:11 | Construir | House |
| 13:15 | Construir | House |
| 14:43 | Encolar | Villager (Male) |
| 14:43 | Encolar | Villager (Male) |
| 14:44 | Encolar | Villager (Male) |
| 14:50 | Edad | Edad Feudal |
| 15:03 | Construir | Market |
| 15:14 | Construir | Blacksmith |
| 15:51 | Construir | Mill |
| 16:11 | Investigar | Castle Age |
| 16:11 | Investigar | Castle Age |
| 18:15 | Investigar | Fletching |
| 18:27 | Encolar | Villager (Male) |
| 18:27 | Encolar | Villager (Male) |
| 18:28 | Investigar | Double-Bit Axe |
| 18:51 | Edad | Edad de los Castillos |
| 18:53 | Construir | Town Center |
| 19:02 | Encolar | Villager (Male) |
| 19:03 | Encolar | Villager (Male) |
| 19:03 | Encolar | Villager (Male) |
| 19:29 | Construir | Town Center |
| 19:43 | Construir | Monastery |
| 20:19 | Encolar | Villager (Male) |
| 20:19 | Encolar | Villager (Male) |
| 20:19 | Encolar | Villager (Male) |
| 20:21 | Encolar | Villager (Male) |
| 20:21 | Encolar | Villager (Male) |
| 20:29 | Construir | Farm |
| 20:29 | Construir | Farm |
| 20:30 | Construir | Farm |
| 20:30 | Construir | Farm |
| 20:30 | Construir | Farm |
| 20:30 | Construir | Farm |
| 20:31 | Construir | Farm |
| 20:31 | Construir | Farm |
| 20:44 | Encolar | Monk |
| 20:45 | Encolar | Monk |
| 20:57 | Construir | Farm |
| 21:04 | Construir | Farm |
| 21:18 | Encolar | Villager (Male) |
| 21:18 | Encolar | Villager (Male) |
| 21:19 | Encolar | Villager (Male) |
| 21:59 | Encolar | Villager (Male) |
| 21:59 | Encolar | Villager (Male) |
| 21:59 | Encolar | Villager (Male) |
| 22:13 | Construir | Farm |
| 22:13 | Construir | Farm |
| 22:13 | Construir | Farm |
| 22:14 | Construir | Farm |
| 22:17 | Construir | Farm |
| 22:20 | Construir | Farm |
| 22:28 | Encolar | Villager (Male) |
| 23:02 | Construir | Castle |
| 23:30 | Encolar | Villager (Male) |
| 23:31 | Encolar | Villager (Male) |
| 23:31 | Encolar | Villager (Male) |
| 23:35 | Construir | Farm |
| 23:35 | Construir | Farm |
| 23:35 | Construir | Farm |
| 23:36 | Construir | Farm |
| 23:36 | Construir | Farm |
| 23:36 | Construir | Farm |
| 23:36 | Construir | Farm |
| 23:37 | Construir | Farm |
| 24:05 | Encolar | Villager (Male) |
| 24:05 | Encolar | Villager (Male) |
| 24:12 | Construir | House |
| 24:13 | Construir | House |
| 24:15 | Construir | House |
| 24:16 | Construir | House |
| 24:27 | Construir | House |
| 24:30 | Encolar | Villager (Male) |
| 24:30 | Encolar | Villager (Male) |
| 24:41 | Encolar | Villager (Male) |
| 24:54 | Encolar | Trade Cart |
| 24:59 | Investigar | Horse Collar |
| 25:10 | Encolar | Mangudai |
| 25:18 | Encolar | Villager (Male) |
| 25:19 | Encolar | Villager (Male) |
| 25:20 | Encolar | Villager (Male) |
| 25:38 | Encolar | Mangudai |
| 25:41 | Encolar | Mangudai |
| 26:16 | Construir | Siege Workshop |
| 26:27 | Construir | Barracks |
| 26:34 | Investigar | Bow Saw |
| 26:36 | Encolar | Villager (Male) |
| 26:36 | Encolar | Villager (Male) |
| 26:36 | Encolar | Villager (Male) |
| 26:36 | Encolar | Villager (Male) |
| 26:53 | Construir | House |
| 26:54 | Construir | House |
| 26:56 | Construir | House |
| 26:58 | Construir | House |
| 26:59 | Construir | House |
| 27:05 | Investigar | Gold Mining |
| 27:18 | Encolar | Mangudai |
| 27:18 | Encolar | Mangudai |
| 27:56 | Construir | Stable |
| 27:58 | Construir | Stable |
| 28:03 | Construir | Stable |
| 28:09 | Construir | Stable |
| 28:33 | Investigar | Imperial Age |
| 28:40 | Encolar | Mangudai |
| 28:40 | Encolar | Mangudai |
| 28:41 | Encolar | Mangudai |
| 28:46 | Encolar | Villager (Male) |
| 28:47 | Encolar | Villager (Male) |
| 28:51 | Encolar | Trade Cart |
| 29:00 | Encolar | Villager (Male) |
| 29:30 | Construir | Castle |
| 29:36 | Construir | Farm |
| 29:36 | Construir | Farm |
| 29:36 | Construir | Farm |
Build order — vitavidal91
Primeras 150 de 438 acciones detectadas
| 0:04 | Construir | House |
| 0:05 | Construir | House |
| 0:06 | Encolar | Villager (Male) |
| 0:06 | Encolar | Villager (Male) |
| 0:23 | Encolar | Villager (Male) |
| 0:30 | Encolar | Villager (Male) |
| 1:08 | Construir | Palisade Wall |
| 1:42 | Construir | Palisade Wall |
| 1:46 | Encolar | Villager (Male) |
| 2:06 | Encolar | Villager (Male) |
| 2:38 | Encolar | Villager (Male) |
| 2:59 | Encolar | Villager (Male) |
| 3:05 | Construir | House |
| 3:27 | Encolar | Villager (Male) |
| 3:49 | Encolar | Villager (Male) |
| 3:58 | Construir | House |
| 4:26 | Encolar | Villager (Male) |
| 4:28 | Encolar | Villager (Male) |
| 5:09 | Encolar | Villager (Male) |
| 5:25 | Construir | House |
| 5:27 | Encolar | Villager (Male) |
| 6:05 | Encolar | Villager (Male) |
| 6:14 | Encolar | Villager (Male) |
| 6:46 | Encolar | Villager (Male) |
| 6:52 | Construir | House |
| 7:09 | Encolar | Villager (Male) |
| 7:27 | Construir | House |
| 7:53 | Encolar | Villager (Male) |
| 8:11 | Construir | Mill |
| 8:18 | Investigar | Feudal Age |
| 8:42 | Construir | Lumber Camp |
| 9:04 | Construir | Lumber Camp |
| 10:06 | Encolar | Villager (Male) |
| 10:28 | Edad | Edad Feudal |
| 10:51 | Encolar | Villager (Male) |
| 10:57 | Construir | Mill |
| 10:59 | Encolar | Villager (Male) |
| 11:00 | Encolar | Villager (Male) |
| 11:11 | Construir | Dock |
| 11:20 | Encolar | Villager (Male) |
| 11:40 | Investigar | Double-Bit Axe |
| 11:41 | Encolar | Villager (Male) |
| 12:02 | Encolar | Demolition Raft |
| 12:05 | Encolar | Fishing Ship |
| 12:05 | Encolar | Fishing Ship |
| 12:37 | Encolar | Villager (Male) |
| 13:09 | Encolar | Villager (Male) |
| 13:24 | Encolar | Fishing Ship |
| 13:26 | Encolar | Villager (Male) |
| 13:32 | Construir | Farm |
| 13:47 | Construir | Farm |
| 13:48 | Construir | Farm |
| 13:49 | Construir | Farm |
| 13:50 | Construir | Farm |
| 13:51 | Construir | Farm |
| 13:53 | Construir | Farm |
| 13:55 | Construir | Farm |
| 13:56 | Construir | Farm |
| 13:57 | Construir | Farm |
| 14:01 | Encolar | Villager (Male) |
| 14:08 | Encolar | Fishing Ship |
| 14:09 | Encolar | Fishing Ship |
| 14:32 | Encolar | Villager (Male) |
| 14:55 | Investigar | Horse Collar |
| 15:05 | Construir | House |
| 15:06 | Construir | House |
| 15:08 | Construir | House |
| 15:09 | Construir | House |
| 15:11 | Encolar | Villager (Male) |
| 15:11 | Encolar | Villager (Male) |
| 15:29 | Construir | Mining Camp |
| 15:34 | Encolar | Fishing Ship |
| 15:34 | Encolar | Fishing Ship |
| 16:01 | Encolar | Villager (Male) |
| 16:22 | Construir | Fish Trap |
| 16:25 | Construir | Fish Trap |
| 16:27 | Construir | Fish Trap |
| 16:34 | Encolar | Fishing Ship |
| 16:35 | Encolar | Fishing Ship |
| 16:38 | Encolar | Villager (Male) |
| 16:38 | Encolar | Villager (Male) |
| 16:50 | Investigar | Gold Mining |
| 17:02 | Construir | Fish Trap |
| 17:25 | Encolar | Villager (Male) |
| 17:40 | Investigar | Castle Age |
| 17:52 | Investigar | Castle Age |
| 18:04 | Construir | Stable |
| 18:14 | Construir | Mining Camp |
| 18:41 | Construir | Farm |
| 18:44 | Construir | Farm |
| 18:47 | Construir | Farm |
| 18:50 | Construir | Farm |
| 18:52 | Construir | Farm |
| 19:01 | Construir | Fish Trap |
| 19:08 | Construir | Fish Trap |
| 19:17 | Construir | Fish Trap |
| 20:09 | Encolar | Villager (Male) |
| 20:27 | Construir | Mining Camp |
| 20:33 | Edad | Edad de los Castillos |
| 20:38 | Construir | Town Center |
| 20:40 | Encolar | Villager (Male) |
| 20:40 | Encolar | Villager (Male) |
| 20:42 | Encolar | Villager (Male) |
| 20:43 | Encolar | Villager (Male) |
| 21:27 | Construir | Monastery |
| 21:36 | Construir | University |
| 21:56 | Encolar | Villager (Male) |
| 21:56 | Encolar | Villager (Male) |
| 21:57 | Encolar | Villager (Male) |
| 21:57 | Encolar | Villager (Male) |
| 22:00 | Encolar | Villager (Male) |
| 22:01 | Encolar | Villager (Male) |
| 22:01 | Encolar | Villager (Male) |
| 22:02 | Encolar | Villager (Male) |
| 22:05 | Encolar | Villager (Male) |
| 22:06 | Encolar | Villager (Male) |
| 22:06 | Encolar | Villager (Male) |
| 22:06 | Encolar | Villager (Male) |
| 22:06 | Encolar | Villager (Male) |
| 22:12 | Encolar | Monk |
| 22:31 | Investigar | Stone Mining |
| 22:35 | Investigar | Bow Saw |
| 22:36 | Investigar | Heavy Plow |
| 22:41 | Investigar | Tech 906 |
| 23:45 | Construir | Mining Camp |
| 23:48 | Encolar | Villager (Male) |
| 23:48 | Encolar | Villager (Male) |
| 24:16 | Construir | Market |
| 24:39 | Construir | Castle |
| 24:45 | Investigar | Wheelbarrow |
| 24:49 | Investigar | Loom |
| 25:01 | Construir | House |
| 25:02 | Construir | House |
| 25:03 | Construir | House |
| 25:04 | Construir | House |
| 25:04 | Construir | House |
| 25:05 | Construir | House |
| 25:05 | Construir | House |
| 25:05 | Construir | House |
| 25:17 | Construir | Fish Trap |
| 25:21 | Construir | Fish Trap |
| 25:32 | Investigar | Caravan |
| 25:37 | Construir | Farm |
| 25:44 | Encolar | Villager (Male) |
| 25:44 | Encolar | Villager (Male) |
| 25:44 | Encolar | Villager (Male) |
| 25:44 | Encolar | Villager (Male) |
| 25:48 | Encolar | Villager (Male) |
| 25:48 | Encolar | Villager (Male) |
| 25:54 | Encolar | Ballista Elephant |
Build order — 金名木主
Primeras 150 de 460 acciones detectadas
| 0:03 | Encolar | Villager (Male) |
| 0:04 | Encolar | Villager (Male) |
| 0:04 | Encolar | Villager (Male) |
| 0:04 | Encolar | Villager (Male) |
| 0:06 | Construir | House |
| 0:09 | Construir | House |
| 0:33 | Construir | House |
| 0:35 | Construir | House |
| 1:41 | Encolar | Villager (Male) |
| 1:41 | Encolar | Villager (Male) |
| 2:09 | Encolar | Villager (Male) |
| 2:16 | Construir | Mill |
| 2:40 | Encolar | Villager (Male) |
| 2:40 | Encolar | Villager (Male) |
| 3:09 | Encolar | Villager (Male) |
| 3:31 | Encolar | Villager (Male) |
| 3:51 | Encolar | Villager (Male) |
| 3:52 | Encolar | Villager (Male) |
| 4:10 | Encolar | Villager (Male) |
| 4:10 | Encolar | Villager (Male) |
| 4:28 | Encolar | Villager (Male) |
| 4:28 | Encolar | Villager (Male) |
| 4:29 | Encolar | Villager (Male) |
| 5:01 | Encolar | Villager (Male) |
| 5:02 | Encolar | Villager (Male) |
| 5:02 | Encolar | Villager (Male) |
| 5:44 | Encolar | Villager (Male) |
| 6:25 | Encolar | Villager (Male) |
| 6:25 | Encolar | Villager (Male) |
| 6:37 | Encolar | Villager (Male) |
| 6:37 | Encolar | Villager (Male) |
| 6:54 | Encolar | Villager (Male) |
| 6:54 | Encolar | Villager (Male) |
| 6:58 | Construir | Lumber Camp |
| 7:16 | Encolar | Villager (Male) |
| 7:45 | Construir | House |
| 8:46 | Encolar | Villager (Male) |
| 8:50 | Construir | Mining Camp |
| 9:29 | Construir | Mill |
| 9:36 | Encolar | Villager (Male) |
| 10:34 | Encolar | Villager (Male) |
| 10:37 | Construir | Farm |
| 10:50 | Construir | House |
| 10:54 | Construir | Lumber Camp |
| 11:00 | Construir | Farm |
| 11:03 | Construir | Farm |
| 11:05 | Encolar | Villager (Male) |
| 11:24 | Investigar | Feudal Age |
| 11:28 | Construir | Farm |
| 12:03 | Construir | Farm |
| 13:14 | Construir | Mill |
| 13:44 | Encolar | Villager (Male) |
| 13:44 | Encolar | Villager (Male) |
| 13:59 | Edad | Edad Feudal |
| 14:21 | Construir | Market |
| 14:31 | Construir | Blacksmith |
| 14:35 | Construir | House |
| 14:39 | Encolar | Villager (Male) |
| 14:40 | Encolar | Villager (Male) |
| 15:01 | Construir | Farm |
| 15:13 | Construir | Farm |
| 15:20 | Construir | House |
| 15:24 | Construir | House |
| 15:28 | Construir | Farm |
| 15:40 | Construir | House |
| 15:41 | Construir | House |
| 15:44 | Encolar | Villager (Male) |
| 15:47 | Investigar | Castle Age |
| 15:47 | Investigar | Castle Age |
| 15:53 | Construir | Mining Camp |
| 16:14 | Encolar | Villager (Male) |
| 16:14 | Encolar | Villager (Male) |
| 17:20 | Construir | House |
| 17:22 | Construir | House |
| 17:23 | Construir | House |
| 17:28 | Encolar | Villager (Male) |
| 17:29 | Encolar | Villager (Male) |
| 17:49 | Investigar | Double-Bit Axe |
| 17:53 | Investigar | Horse Collar |
| 18:09 | Encolar | Villager (Male) |
| 18:09 | Encolar | Villager (Male) |
| 18:09 | Encolar | Villager (Male) |
| 18:09 | Encolar | Villager (Male) |
| 18:10 | Encolar | Villager (Male) |
| 18:11 | Encolar | Villager (Male) |
| 18:11 | Encolar | Villager (Male) |
| 18:11 | Encolar | Villager (Male) |
| 18:11 | Encolar | Villager (Male) |
| 18:12 | Encolar | Villager (Male) |
| 18:12 | Encolar | Villager (Male) |
| 18:27 | Edad | Edad de los Castillos |
| 18:35 | Construir | Town Center |
| 18:46 | Construir | Town Center |
| 18:50 | Construir | House |
| 18:52 | Construir | House |
| 18:53 | Construir | House |
| 18:54 | Construir | House |
| 19:10 | Construir | Monastery |
| 19:53 | Encolar | Villager (Male) |
| 19:53 | Encolar | Villager (Male) |
| 19:54 | Encolar | Villager (Male) |
| 19:54 | Encolar | Villager (Male) |
| 19:54 | Encolar | Villager (Male) |
| 19:55 | Encolar | Villager (Male) |
| 19:55 | Encolar | Villager (Male) |
| 19:55 | Encolar | Villager (Male) |
| 19:55 | Encolar | Villager (Male) |
| 19:55 | Encolar | Villager (Male) |
| 19:56 | Encolar | Villager (Male) |
| 19:56 | Encolar | Villager (Male) |
| 19:56 | Encolar | Villager (Male) |
| 20:54 | Construir | Market |
| 21:00 | Construir | House |
| 21:06 | Encolar | Villager (Male) |
| 21:30 | Construir | Farm |
| 21:32 | Encolar | Villager (Male) |
| 21:33 | Encolar | Villager (Male) |
| 21:33 | Encolar | Villager (Male) |
| 21:33 | Encolar | Villager (Male) |
| 21:34 | Encolar | Villager (Male) |
| 21:34 | Encolar | Villager (Male) |
| 21:34 | Encolar | Villager (Male) |
| 21:34 | Encolar | Villager (Male) |
| 21:34 | Encolar | Villager (Male) |
| 21:43 | Construir | House |
| 21:55 | Encolar | Monk |
| 22:01 | Construir | Farm |
| 22:10 | Construir | Lumber Camp |
| 22:17 | Construir | Farm |
| 22:22 | Construir | House |
| 22:23 | Construir | House |
| 22:26 | Encolar | Villager (Male) |
| 22:26 | Encolar | Villager (Male) |
| 22:32 | Encolar | Villager (Male) |
| 22:32 | Encolar | Villager (Male) |
| 22:41 | Construir | Farm |
| 22:58 | Construir | Castle |
| 23:09 | Encolar | Villager (Male) |
| 23:09 | Encolar | Villager (Male) |
| 23:21 | Construir | Farm |
| 23:34 | Construir | House |
| 23:35 | Construir | House |
| 23:44 | Construir | Farm |
| 23:46 | Construir | Farm |
| 23:47 | Construir | Farm |
| 23:49 | Construir | Farm |
| 23:50 | Construir | Farm |
| 23:52 | Construir | Farm |
| 23:56 | Construir | Farm |
| 24:01 | Encolar | Villager (Male) |
Build order — GuilleLeopold17
Primeras 150 de 435 acciones detectadas
| 0:04 | Encolar | Villager (Male) |
| 0:04 | Encolar | Villager (Male) |
| 0:04 | Encolar | Villager (Male) |
| 0:04 | Encolar | Villager (Male) |
| 0:07 | Construir | House |
| 0:10 | Construir | House |
| 1:40 | Investigar | Loom |
| 1:40 | Investigar | Loom |
| 1:40 | Investigar | Loom |
| 1:41 | Encolar | Villager (Male) |
| 1:41 | Encolar | Villager (Male) |
| 1:42 | Encolar | Villager (Male) |
| 2:09 | Encolar | Villager (Male) |
| 2:09 | Encolar | Villager (Male) |
| 2:09 | Encolar | Villager (Male) |
| 2:33 | Encolar | Villager (Male) |
| 2:34 | Encolar | Villager (Male) |
| 2:34 | Encolar | Villager (Male) |
| 3:04 | Encolar | Villager (Male) |
| 3:05 | Encolar | Villager (Male) |
| 3:05 | Encolar | Villager (Male) |
| 3:05 | Encolar | Villager (Male) |
| 3:15 | Construir | Lumber Camp |
| 3:40 | Encolar | Villager (Male) |
| 3:41 | Encolar | Villager (Male) |
| 3:41 | Encolar | Villager (Male) |
| 3:41 | Encolar | Villager (Male) |
| 3:56 | Construir | Palisade Wall |
| 4:32 | Encolar | Villager (Male) |
| 4:33 | Encolar | Villager (Male) |
| 4:33 | Encolar | Villager (Male) |
| 4:43 | Encolar | Villager (Male) |
| 4:44 | Encolar | Villager (Male) |
| 4:44 | Encolar | Villager (Male) |
| 5:12 | Encolar | Villager (Male) |
| 5:13 | Encolar | Villager (Male) |
| 5:13 | Encolar | Villager (Male) |
| 5:14 | Encolar | Villager (Male) |
| 5:19 | Construir | House |
| 5:52 | Construir | Palisade Wall |
| 6:00 | Construir | House |
| 6:28 | Encolar | Villager (Male) |
| 6:29 | Encolar | Villager (Male) |
| 6:57 | Encolar | Villager (Male) |
| 6:58 | Encolar | Villager (Male) |
| 6:58 | Encolar | Villager (Male) |
| 7:13 | Construir | Dock |
| 7:24 | Encolar | Villager (Male) |
| 7:24 | Encolar | Villager (Male) |
| 8:31 | Encolar | Villager (Male) |
| 8:31 | Encolar | Villager (Male) |
| 8:38 | Construir | Mill |
| 9:15 | Encolar | Fishing Ship |
| 9:24 | Encolar | Fishing Ship |
| 9:46 | Construir | Mining Camp |
| 9:53 | Construir | House |
| 9:55 | Construir | House |
| 10:07 | Investigar | Feudal Age |
| 10:16 | Encolar | Villager (Male) |
| 10:16 | Encolar | Villager (Male) |
| 10:26 | Encolar | Fishing Ship |
| 10:26 | Encolar | Fishing Ship |
| 10:47 | Construir | House |
| 10:50 | Construir | House |
| 11:23 | Encolar | Fishing Ship |
| 11:23 | Encolar | Fishing Ship |
| 11:28 | Encolar | Villager (Male) |
| 11:28 | Encolar | Villager (Male) |
| 11:29 | Encolar | Villager (Male) |
| 12:17 | Edad | Edad Feudal |
| 12:18 | Encolar | Villager (Male) |
| 12:19 | Encolar | Villager (Male) |
| 12:23 | Encolar | Fishing Ship |
| 12:24 | Encolar | Fishing Ship |
| 13:21 | Construir | Mining Camp |
| 13:36 | Encolar | Villager (Male) |
| 13:37 | Encolar | Villager (Male) |
| 13:57 | Construir | Market |
| 14:06 | Construir | Blacksmith |
| 14:18 | Encolar | Villager (Male) |
| 14:24 | Investigar | Tech 906 |
| 14:24 | Encolar | Fishing Ship |
| 14:25 | Encolar | Fishing Ship |
| 14:48 | Construir | Fish Trap |
| 15:21 | Encolar | Villager (Male) |
| 16:05 | Construir | Stone Wall |
| 16:15 | Construir | Stone Wall |
| 16:28 | Construir | Lumber Camp |
| 16:32 | Investigar | Castle Age |
| 17:02 | Construir | Stone Wall |
| 17:10 | Construir | Stone Wall |
| 17:42 | Construir | Farm |
| 17:42 | Construir | Farm |
| 17:43 | Construir | Farm |
| 17:43 | Construir | Farm |
| 17:44 | Construir | Farm |
| 17:44 | Construir | Farm |
| 17:44 | Construir | Farm |
| 17:45 | Construir | Farm |
| 17:47 | Investigar | Horse Collar |
| 18:32 | Investigar | Double-Bit Axe |
| 18:51 | Construir | Fish Trap |
| 18:56 | Construir | Fish Trap |
| 19:02 | Construir | Fish Trap |
| 19:12 | Edad | Edad de los Castillos |
| 19:16 | Encolar | Villager (Male) |
| 19:16 | Encolar | Villager (Male) |
| 19:16 | Encolar | Villager (Male) |
| 19:17 | Encolar | Villager (Male) |
| 19:17 | Encolar | Villager (Male) |
| 19:23 | Construir | House |
| 19:26 | Construir | House |
| 19:28 | Construir | House |
| 19:48 | Construir | Town Center |
| 20:10 | Encolar | Villager (Male) |
| 20:10 | Encolar | Villager (Male) |
| 21:07 | Construir | Fish Trap |
| 21:21 | Construir | Fish Trap |
| 21:32 | Encolar | Villager (Male) |
| 21:32 | Encolar | Villager (Male) |
| 21:33 | Encolar | Villager (Male) |
| 21:33 | Encolar | Villager (Male) |
| 21:33 | Encolar | Villager (Male) |
| 21:50 | Construir | House |
| 21:51 | Construir | House |
| 21:51 | Construir | House |
| 21:51 | Construir | House |
| 22:00 | Encolar | Villager (Male) ×5 |
| 22:21 | Construir | Town Center |
| 22:27 | Encolar | Villager (Male) |
| 22:27 | Encolar | Villager (Male) |
| 22:33 | Encolar | Fishing Ship |
| 22:33 | Encolar | Fishing Ship |
| 22:33 | Encolar | Fishing Ship |
| 23:29 | Construir | House |
| 23:29 | Construir | House |
| 23:30 | Construir | House |
| 23:30 | Construir | House |
| 23:30 | Construir | House |
| 23:31 | Construir | House |
| 23:39 | Investigar | Bow Saw |
| 23:57 | Encolar | Villager (Male) |
| 24:00 | Encolar | Villager (Male) |
| 24:00 | Encolar | Villager (Male) |
| 24:01 | Encolar | Villager (Male) |
| 24:06 | Construir | Farm |
| 24:06 | Construir | Farm |
| 24:06 | Construir | Farm |
| 24:07 | Construir | Farm |
| 24:07 | Construir | Farm |
Cronología de la partida
| 0:51 | EXILS_Andrenus Naga · wall_segment Palisade Wall x19 |
| 1:08 | vitavidal91 · wall_segment Palisade Wall x9 |
| 1:37 | Disgraceful · wall_segment Palisade Wall x13 |
| 1:42 | vitavidal91 · wall_segment Palisade Wall x8 |
| 2:40 | crabjuice · wall_segment Palisade Wall x11 |
| 3:02 | Disgraceful · wall_segment Palisade Wall x14 |
| 3:21 | crabjuice · wall_segment Palisade Wall x8 |
| 3:30 | Disgraceful · wall_segment Palisade Wall x15 |
| 3:46 | EXILS_Andrenus Naga · wall_segment Palisade Wall x1 |
| 3:56 | GuilleLeopold17 · wall_segment Palisade Wall x10 |
| 4:42 | felipegarcia92 · wall_segment Palisade Wall x10 |
| 4:46 | tatomagallanes · wall_segment Palisade Wall x7 |
| 4:59 | Disgraceful · wall_segment Palisade Wall x9 |
| 5:52 | GuilleLeopold17 · wall_segment Palisade Wall x12 |
| 6:00 | felipegarcia92 · wall_segment Palisade Wall x5 |
| 6:01 | Disgraceful · wall_segment Palisade Wall x8 |
| 7:13 | GuilleLeopold17 · first_building Dock |
| 10:16 | crabjuice · first_building Dock |
| 10:28 | vitavidal91 · age_up feudal |
| 11:11 | vitavidal91 · first_building Dock |
| 12:07 | felipegarcia92 · first_building Barracks |
| 12:17 | GuilleLeopold17 · age_up feudal |
| 12:40 | crabjuice · age_up feudal |
| 13:14 | felipegarcia92 · age_up feudal |
| 13:23 | felipegarcia92 · first_building Stable |
| 13:34 | tatomagallanes · age_up feudal |
| 13:48 | Disgraceful · age_up feudal |
| 13:53 | crabjuice · first_building Barracks |
| 13:59 | 金名木主 · age_up feudal |
| 14:00 | Disgraceful · wall_segment Stone Wall x9 |
| 14:13 | crabjuice · wall_segment Stone Wall x8 |
| 14:50 | EXILS_Andrenus Naga · age_up feudal |
| 15:38 | felipegarcia92 · first_building Archery Range |
| 15:38 | crabjuice · first_building Stable |
| 16:04 | Disgraceful · wall_segment Stone Wall x7 |
| 16:05 | GuilleLeopold17 · wall_segment Stone Wall x13 |
| 16:15 | GuilleLeopold17 · wall_segment Stone Wall x1 |
| 16:38 | tatomagallanes · wall_segment Stone Wall x7 |
| 16:47 | Disgraceful · wall_segment Stone Wall x3 |
| 17:02 | GuilleLeopold17 · wall_segment Stone Wall x2 |
| 17:10 | GuilleLeopold17 · wall_segment Stone Wall x13 |
| 17:27 | Disgraceful · wall_segment Stone Wall x16 |
| 17:30 | felipegarcia92 · age_up castle |
| 17:34 | tatomagallanes · age_up castle |
| 18:04 | vitavidal91 · first_building Stable |
| 18:11 | tatomagallanes · wall_segment Stone Wall x1 |
| 18:23 | tatomagallanes · wall_segment Stone Wall x7 |
| 18:27 | 金名木主 · age_up castle |
| 18:51 | EXILS_Andrenus Naga · age_up castle |
| 19:09 | Disgraceful · wall_segment Stone Wall x17 |
| 19:10 | 金名木主 · first_building Monastery |
| 19:10 | crabjuice · wall_segment Stone Wall x8 |
| 19:12 | GuilleLeopold17 · age_up castle |
| 19:39 | GuilleLeopold17 · first_market_buy 100 wood |
| 19:43 | EXILS_Andrenus Naga · first_building Monastery |
| 20:20 | tatomagallanes · wall_segment Stone Wall x8 |
| 20:32 | Disgraceful · age_up castle |
| 20:33 | vitavidal91 · age_up castle |
| 21:05 | crabjuice · age_up castle |
| 21:27 | vitavidal91 · first_building Monastery |
| 21:52 | 金名木主 · first_market_sell 100 wood |
| 22:10 | tatomagallanes · wall_segment Stone Wall x7 |
| 22:58 | 金名木主 · first_building Castle |
| 23:02 | EXILS_Andrenus Naga · first_building Castle |
| 23:36 | tatomagallanes · first_building Castle |
| 24:15 | Disgraceful · first_building Castle |
| 24:39 | vitavidal91 · first_building Castle |
| 25:06 | GuilleLeopold17 · first_building Castle |
| 25:34 | 金名木主 · first_building Barracks |
| 25:43 | GuilleLeopold17 · wall_segment Stone Wall x12 |
| 26:16 | EXILS_Andrenus Naga · first_building Siege Workshop |
| 26:27 | EXILS_Andrenus Naga · first_building Barracks |
| 27:10 | felipegarcia92 · first_building Castle |
| 27:28 | crabjuice · first_building Castle |
| 27:38 | crabjuice · first_building Siege Workshop |
| 27:43 | GuilleLeopold17 · wall_segment Stone Wall x11 |
| 27:56 | EXILS_Andrenus Naga · first_building Stable |
| 27:56 | GuilleLeopold17 · wall_segment Stone Wall x11 |
| 28:16 | EXILS_Andrenus Naga · first_market_buy 100 food |
| 28:55 | GuilleLeopold17 · first_building Siege Workshop |
| 29:40 | Disgraceful · first_building Barracks |
| 30:15 | crabjuice · first_building Archery Range |
| 30:43 | vitavidal91 · first_market_sell 100 food |
| 31:03 | GuilleLeopold17 · first_building Monastery |
| 31:23 | EXILS_Andrenus Naga · first_building Archery Range |
| 31:43 | EXILS_Andrenus Naga · age_up imperial |
| 31:47 | crabjuice · wall_segment Stone Wall x10 |
| 31:48 | 金名木主 · age_up imperial |
| 32:00 | Disgraceful · age_up imperial |
| 32:58 | GuilleLeopold17 · wall_segment Stone Wall x10 |
| 33:39 | EXILS_Andrenus Naga · wall_segment Stone Wall x17 |
| 33:40 | GuilleLeopold17 · age_up imperial |
| 35:05 | vitavidal91 · age_up imperial |
| 35:08 | crabjuice · age_up imperial |
| 35:36 | Disgraceful · first_building Archery Range |
| 36:04 | felipegarcia92 · age_up imperial |
| 36:24 | tatomagallanes · first_building Barracks |
| 36:31 | GuilleLeopold17 · first_building Barracks |
| 37:29 | tatomagallanes · first_building Siege Workshop |
| 37:49 | GuilleLeopold17 · first_building Archery Range |
| 38:53 | tatomagallanes · age_up imperial |
| 41:18 | GuilleLeopold17 · first_market_sell 500 stone |
| 42:22 | 金名木主 · first_building Siege Workshop |
| 45:01 | crabjuice · first_building Monastery |
| 45:31 | Disgraceful · wall_segment Stone Wall x6 |
| 50:39 | Disgraceful · wall_segment Stone Wall x18 |
| 52:47 | crabjuice · wall_segment Stone Wall x16 |
| 53:14 | Disgraceful · wall_segment Stone Wall x9 |
| 54:01 | Disgraceful · resign |
[ ANÁLISIS IA · 1 CRÉDITO ]
¿Qué pasó realmente en esta partida?
Wolo.gg analiza cada decisión: build order, eco, micro, errores típicos por bracket. Análisis personalizado por WhatsApp o Discord en 30 segundos.
Guía civ
Gurjaras
Perfil
Jugador #18791477